 Dungeon Crawl Stone Soup version 0.18-a0-1426-g3b9a63c (webtiles) character file.

25911 chei the Fighter (level 13, -15/127 HPs)
             Began as a Naga Wizard on Feb 27, 2016.
             Was the Champion of Cheibriados.
             Demolished by Saint Roka
             ... wielding a +0 long sword
              (30 damage)
             ... on level 2 of the Orcish Mines.
             The game lasted 01:22:30 (25175 turns).

chei the Fighter (Naga Wizard)                     Turns: 25175, Time: 01:22:30

Health: -15/127    AC: 14    Str: 27    XL:     13   Next: 22%
Magic:  11/44      EV: 19    Int: 39    God:    Cheibriados [******]
Gold:   547        SH:  0    Dex: 24    Spells: 7 memorised, 5 levels left

rFire  . . .     SeeInvis +     w - +1 trident (venom)
rCold  . . .     Gourm    .     N - +1 robe {MR+}
rNeg   . . .     Faith    .     (no shield)
rPois  +         Spirit   .     j - +2 helmet
rElec  .         Dismiss  .     q - +1 cloak
rCorr  .         Reflect  .     A - +0 pair of gloves
SustAt .         Harm     .     (no barding)
MR     +++..     Clarity  +     (no amulet)
Stlth  +++.......               n - ring of magical power
                                b - ring of magical power

@: repel missiles, drained, very slow, extremely resistant to hostile
enchantments, fairly stealthy
A: rugged brown scales 1, see invisible, clarity, clever 1, deformed body, magic
resistance 1, poison resistance, slowness 2, slow metabolism 1, spit poison 2,
constrict 1, AC +4
a: Spit Poison, Bend Time, Temporal Distortion, Slouch, Step From Time, Renounce
Religion


You were on level 2 of the Orcish Mines.
You worshipped Cheibriados.
Cheibriados was exalted by your worship.
You were very hungry.

You visited 4 branches of the dungeon, and saw 15 of its levels.
You also visited: Sewer.

You collected 1350 gold pieces.
You spent 803 gold pieces at shops.

Inventory:

Hand Weapons
 f - a +0 short sword
 l - a +0 glaive
 v - a +0 blowgun
 w - a +1 trident of venom (weapon)
Missiles
 y - 22 curare-tipped needles
Armour
 a - a +3 ring mail of cold resistance
 j - a +2 helmet (worn)
 q - a +1 cloak (worn)
 A - a +0 pair of gloves (worn)
 F - a +2 ring mail of cold resistance
 N - a +1 robe of magic resistance (worn)
 O - the +2 leather armour of Saumot {*Corrode rN+++ MR- Stlth+}
   (You bought it in a shop on level 11 of the Dungeon)

   It renders you almost immune to negative energy.
   It affects your resistance to hostile enchantments.
   It may corrode your equipment when you take damage.
   It makes you more stealthy.
Magical Staves
 p - an uncursed staff of energy
Jewellery
 b - a ring of magical power (left hand)
 n - a ring of magical power (right hand)
Wands
 k - a wand of flame (20/48)
 B - a wand of iceblast (0/15)
 I - a wand of iceblast (4/15)
 J - a wand of lightning (0/15)
Scrolls
 e - 3 scrolls of fog
 h - 2 scrolls of identify
 i - a scroll of immolation
 o - a scroll of holy word
 s - 6 scrolls of remove curse
 t - a scroll of magic mapping
 u - a scroll of noise
 C - a scroll of teleportation
 E - 2 scrolls of amnesia
Potions
 g - 2 potions of flight
 m - a potion of curing
 r - a potion of might
 x - a potion of lignification
 z - a potion of heal wounds
 G - a potion of haste
Books
 c - a book of Minor Magic

   Spells                             Type                      Level
   a - Magic Dart                     Conjuration                  1
   b - Blink                          Translocation                2
   c - Call Imp                       Summoning                    2
   d - Repel Missiles                 Charms/Air                   2
   e - Slow                           Hexes                        2
   f - Conjure Flame                  Conjuration/Fire             3
   g - Mephitic Cloud                 Conjuration/Poison/Air       3
 D - a book of Air

   Spells                             Type                      Level
   a - Shock                          Conjuration/Air              1
   b - Swiftness                      Charms/Air                   2
   c - Repel Missiles                 Charms/Air                   2
   d - Static Discharge               Conjuration/Air              3
   e - Lightning Bolt                 Conjuration/Air              5
 L - a book of Power

   Spells                             Type                      Level
   a - Fulminant Prism                Conjuration/Hexes            4
   b - Iskenderun's Mystic Blast      Conjuration                  4
   c - Venom Bolt                     Conjuration/Poison           5
   d - Bolt of Magma                  Conjuration/Fire/Earth       5
   e - Iron Shot                      Conjuration/Earth            6
   f - Orb of Destruction             Conjuration                  7
   g - Spellforged Servitor           Conjuration/Summoning        7
Miscellaneous
 K - a fan of gales
Comestibles
 d - 7 bread rations
 H - 19 fruits


   Skills:
 * Level 10.7 Fighting
 - Level 0.4(0.3) Short Blades
 - Level 1.9(1.8) Polearms
 + Level 5.3(5.2) Armour
 + Level 9.5 Dodging
 - Level 3.0 Stealth
 + Level 9.1 Spellcasting
 * Level 7.8 Conjurations
 - Level 2.5 Hexes
 + Level 1.1(1.0) Charms
   Level 1.0(0.9) Summonings
 + Level 3.3 Translocations
 + Level 1.5(1.4) Fire Magic
 * Level 1.3(1.2) Earth Magic
 - Level 4.1 Poison Magic
 - Level 5.0 Invocations
 + Level 0.4(0.3) Evocations


You had 5 spell levels left.
You knew the following spells:

 Your Spells              Type           Power        Failure   Level  Hunger
a - Venom Bolt            Conj/Pois      ######....   6%          5    ##.....
b - Mephitic Cloud        Conj/Pois/Air  #####...     1%          3    None
c - Blink                 Tloc           N/A          1%          2    None
d - Conjure Flame         Conj/Fire      ######..     1%          3    None
e - Repel Missiles        Chrm/Air       ###...       2%          2    None
f - Fulminant Prism       Conj/Hex       ######....   2%          4    None
g - Iron Shot             Conj/Erth      ######....   58%         6    ####...


Dungeon Overview and Level Annotations

Branches:
Dungeon (11/15)            Temple (1/1) D:7            Lair (1/8) D:9
    Orc (2/2) D:11            Elf (0/3) Orc:2

Altars:
Ashenzari
Cheibriados
Dithmenos
Elyvilon
Fedhas
Gozag
Kikubaaqudgha
Makhleb
Nemelex Xobeh
Okawaru
Pakellas
Qazlal
Ru
Sif Muna
Trog
Vehumet
Xom
Yredelemnul
Zin
The Shining One
Beogh

Shops:
D:8 :   D:11 =?[!?   Orc:1 =   Orc:2 =

Annotations:
Orc:2 Saint Roka


Innate Abilities, Weirdness & Mutations

You cannot wear boots.
Your serpentine skin is tough (AC +4).
You have supernaturally acute eyesight.
Armour fits poorly on your strangely shaped body.
Your system is resistant to poisons.
You cover ground very slowly.
You have a slow metabolism.
You can spit poison.
You can use your snake-like lower body to constrict enemies.
You are partially covered in rugged brown scales (AC +1, +3% HP).
You possess an exceptional clarity of mind.
Your mind is acute. (Int +2)
You are resistant to hostile enchantments.


Message History

The orc warrior goes into a battle-frenzy!
The orc warrior closely misses you.
Saint Roka mumbles some strange prayers to Beogh against you.
Beogh smites you!
* * * LOW HITPOINT WARNING * * *
The orc warrior barely misses you.
Casting: Venom Bolt
Confirm with . or Enter, or press ? or * to list all spells.
Aiming: Venom Bolt
Press: ? - help, Shift-Dir - straight line, f - orc warrior
Aim: an orc warrior, wielding a trident and wearing a plate armour (almost dead, consumed by blood-lust)
The bolt of poison misses the orc warrior.
The orc warrior misses you.
Unknown command.
Drink which item? (? for menu, Esc to quit)
Okay, then.
You fail to use your ability.
Saint Roka completely misses you.
You fail to use your ability.
The orc warrior closely misses you.
You fail to use your ability.
Saint Roka hits you with a long sword!!
You die...

#### ##...... ##.#.#####....).
############## #......#........
#............##### #.........[<.
..##########..##.## ##..##.......
### ##.#...###....##.#.[.. #
#......##[...#.##....
####....[).....)..#..).
##'##8)#oo@...)[.#÷........
.))..))'.8..)[.)..#.#).....
8.).))['....)#....#.)......
.[.)...'.8...#...#..#####..
##'##8.#..#...#....##...##. #.
####.#)..##...##.....## # #
#...[[.###..#.......# ###
##.#..)###...)...8_.∩#
..##########......####..#)......#


You could see Saint Roka and an orc warrior (frenzied).

Vanquished Creatures
  A hydra (D:11)
  The ghost of M4edhros the Nimble, a journeyman OpAr of Xom (D:9)
  An orc high priest (Orc:2)
  2 unseen horrors
  3 orc knights (Orc:2)
  5 hill giants
  An orc sorcerer (Orc:2)
  A cyclops (D:11)
  A deep elf mage (D:11)
  Maurice (D:11)
  Joseph (D:9)
  3 spiny frogs
  4 trolls
  The ghost of namelastname112 the Ruffian, an amateur DrMo (D:3)
  Prince Ribbit (D:8)
  3 two-headed ogres
  A vampire (D:11)
  A hill giant zombie (D:11)
  2 wyverns
  12 yaks
  4 hungry ghosts
  3 basilisks (D:9)
  2 hippogriffs
  Menkaure (D:4)
  2 wargs (Orc:2)
  4 porcupines
  A water moccasin (Lair:1)
  A black bear (D:6)
  5 ice beasts
  25 orc warriors
  A sky beast (D:6)
  A necrophage (D:7)
  A phantom (D:6)
  9 ogres
  5 crocodiles
  12 centaurs
  2 big kobolds
  14 giant frogs
  A water moccasin zombie (D:10)
  A wyvern zombie (D:7)
  3 jellies
  A wyvern skeleton (D:10)
  3 scorpions
  9 killer bees
  5 howler monkeys
  10 wights
  4 crimson imps
  A giant frog zombie (D:9)
  2 hounds
  A centaur zombie (D:9)
  2 quasits
  4 centaur skeletons
  20 orc priests
  3 giant frog skeletons
  A gnoll shaman (D:9)
  7 iguanas
  28 orc wizards
  10 worker ants
  13 sheep
  A killer bee zombie (D:8)
  7 ogre zombies (D:11)
  A mummy (D:5)
  2 hound skeletons
  2 worker ant zombies
  2 howler monkey skeletons
  13 gnolls
  14 adders
  12 river rats
  5 shadow imps
  2 oozes
  An adder skeleton (D:4)
  5 worms
  5 dart slugs
  11 giant geckos
  91 orcs
  8 bats
  13 giant cockroaches
  11 goblins
  11 hobgoblins
  13 jackals
  7 quokkas
  3 giant gecko skeletons
  11 giant newts
  A goblin skeleton (D:11)
  7 hobgoblin zombies
  18 kobolds
  2 kobold zombies (D:5)
  3 orc skeletons (D:11)
  16 orc zombies
  A quokka skeleton (D:7)
  11 rats
  20 fulminant prisms
598 creatures vanquished.

Vanquished Creatures (others)
  A troll (Orc:2)
  A river rat (Lair:1)
  An orc (Orc:2)
  A bush (D:9)
  62 fulminant prisms
  7 fungi
  9 plants
82 creatures vanquished.

Grand Total: 680 creatures vanquished

Notes
Turn   | Place    | Note
--------------------------------------------------------------
     0 | D:1      | chei the Naga Wizard began the quest for the Orb.
     0 | D:1      | Reached XP level 1. HP: 15/15 MP: 4/4
   275 | D:1      | Reached XP level 2. HP: 14/22 MP: 0/6
  1098 | D:1      | Reached XP level 3. HP: 28/28 MP: 8/8
  1110 | D:1      | Learned a level 3 spell: Mephitic Cloud
  1429 | D:1      | Learned a level 2 spell: Blink
  2072 | D:2      | Reached skill level 1 in Poison Magic
  2072 | D:2      | Reached XP level 4. HP: 24/37 MP: 9/9
  2786 | D:2      | Found a shattered altar of Ashenzari.
  2890 | D:2      | Reached XP level 5. HP: 43/43 MP: 11/11
  3320 | D:2      | Learned a level 3 spell: Conjure Flame
  3340 | D:3      | Reached skill level 1 in Fighting
  3511 | D:3      | Noticed namelastname112's ghost (amateur DrMo)
  4028 | D:2      | Gained mutation: Your mind is acute. (Int +2) [potion of mutation]
  4028 | D:2      | Gained mutation: You are resistant to hostile enchantments. [potion of mutation]
  4028 | D:2      | Gained mutation: You are partially covered in rugged brown scales (AC +1, +3% HP). [potion of mutation]
  4441 | D:3      | Found a bloodstained altar of Trog.
  4441 | D:3      | Found a sacrificial altar of Ru.
  4442 | D:3      | Found a burning altar of Makhleb.
  4610 | D:3      | Reached XP level 6. HP: 52/52 MP: 12/12
  5326 | D:3      | Killed namelastname112's ghost
  5326 | D:3      | Reached XP level 7. HP: 58/58 MP: 13/14
  5671 | D:3      | Reached skill level 1 in Polearms
  5671 | D:3      | Reached skill level 5 in Spellcasting
  5814 | D:4      | Learned a level 2 spell: Repel Missiles
  5883 | D:4      | Noticed Menkaure
  5911 | D:4      | HP: 2/58 [Menkaure (8)]
  6313 | D:4      | Killed Menkaure
  6734 | D:5      | Entered Level 5 of the Dungeon
  6787 | D:5      | Reached skill level 2 in Fighting
  6893 | D:5      | Reached skill level 1 in Fire Magic
  6893 | D:5      | Reached XP level 8. HP: 42/69 MP: 15/15
  7149 | D:5      | Reached skill level 3 in Fighting
  7158 | D:5      | Found a glowing drain.
  7175 | Sewer    | Entered a sewer
  7599 | Sewer    | Found a white marble altar of Elyvilon.
  8330 | D:6      | Reached skill level 4 in Fighting
  8646 | D:6      | Reached XP level 9. HP: 30/82 MP: 17/17
  9086 | D:6      | Reached skill level 5 in Fighting
  9086 | D:6      | Reached skill level 5 in Dodging
  9746 | D:6      | Found a deep blue altar of Sif Muna.
  9746 | D:6      | Found a blossoming altar of Fedhas.
  9758 | D:6      | Found an iron altar of Okawaru.
  9778 | D:6      | Found a glowing silver altar of Zin.
  9921 | D:6      | Reached skill level 6 in Fighting
 10453 | D:7      | Found a sparkling altar of Nemelex Xobeh.
 10711 | D:7      | Found a staircase to the Ecumenical Temple.
 10743 | Temple   | Entered the Ecumenical Temple
 10975 | D:7      | Reached skill level 1 in Charms
 11275 | D:7      | Reached skill level 7 in Fighting
 11275 | D:7      | Reached XP level 10. HP: 32/95 MP: 19/19
 12186 | D:8      | Gained mutation: You possess an exceptional clarity of mind. [potion of beneficial mutation]
 12195 | D:8      | Found a snail-covered altar of Cheibriados.
 12233 | D:8      | Became a worshipper of Cheibriados the Contemplative
 12520 | D:8      | Found Carcholiw's Book Shoppe.
 12532 | D:8      | Found an oddly glowing altar of Pakellas.
 12991 | D:8      | Reached * piety under Cheibriados
 13282 | D:9      | Noticed Prince Ribbit
 13282 | D:9      | Noticed Joseph
 13298 | D:8      | Killed Prince Ribbit
 13457 | D:9      | Killed Joseph
 13457 | D:9      | Reached skill level 8 in Fighting
 13615 | D:9      | Reached skill level 1 in Armour
 13623 | D:9      | Noticed M4edhros's ghost (journeyman OpAr)
 14215 | D:9      | Found a staircase to the Lair.
 14215 | D:9      | Noticed a spiny frog
 14223 | D:9      | Reached ** piety under Cheibriados
 16162 | D:9      | Killed M4edhros's ghost
 16162 | D:9      | Reached XP level 11. HP: 98/106 MP: 21/21
 16379 | D:9      | Reached *** piety under Cheibriados
 16519 | D:9      | Reached skill level 5 in Conjurations
 17019 | D:9      | Found an opulent altar of Gozag.
 17022 | D:9      | Found a radiant altar of Vehumet.
 17025 | D:9      | Found an ancient bone altar of Kikubaaqudgha.
 17180 | D:9      | Reached **** piety under Cheibriados
 17283 | D:9      | Found a blossoming altar of Fedhas.
 17363 | Lair:1   | Entered Level 1 of the Lair of Beasts
 18118 | Lair:1   | Reached skill level 9 in Fighting
 18408 | Lair:1   | Reached ***** piety under Cheibriados
 18830 | Lair:1   | Noticed a hill giant
 18841 | Lair:1   | Killed a hill giant
 18896 | Lair:1   | Noticed an eight-headed hydra
 19239 | D:10     | Entered Level 10 of the Dungeon
 19257 | D:10     | Noticed an unseen horror
 19265 | D:10     | Killed an unseen horror
 19265 | D:10     | Reached skill level 1 in Invocations
 20245 | D:8      | Bought a book of Power for 540 gold pieces
 20250 | D:8      | Learned a level 4 spell: Fulminant Prism
 20317 | D:11     | Found Foejurao's Magic Scroll Shoppe.
 20325 | D:11     | Bought a scroll of teleportation for 48 gold pieces
 20678 | D:11     | Reached ****** piety under Cheibriados
 20847 | D:11     | Found a staircase to the Orcish Mines.
 20858 | D:11     | Noticed an unseen horror
 20869 | D:11     | Killed an unseen horror
 20869 | D:11     | Reached XP level 12. HP: 116/119 MP: 23/23
 21111 | D:11     | Found Zolodaoj's Distillery.
 21130 | D:11     | Noticed a five-headed hydra
 21148 | D:11     | Killed a five-headed hydra
 21148 | D:11     | Reached skill level 1 in Hexes
 21200 | D:11     | Reached skill level 10 in Fighting
 21429 | D:11     | Noticed Maurice
 21441 | D:11     | Killed Maurice
 21489 | D:11     | Found Zillifin's Antique Armour Shoppe.
 21516 | D:11     | Found Ufoijei's Magic Scroll Shop.
 21886 | D:11     | Found Ajekiovvao's Jewellery Emporium.
 22254 | D:11     | Reached skill level 5 in Armour
 22520 | Orc:1    | Entered Level 1 of the Orcish Mines
 23292 | Orc:1    | Found Watecs's Jewellery Shop.
 23383 | D:11     | Bought a glowing robe for 19 gold pieces
 23383 | D:11     | Bought a faintly glowing leather armour for 196 gold pieces
 23404 | D:11     | Identified the +2 leather armour of Saumot {*Corrode rN+++ MR- Stlth+} (You bought it in a shop on level 11 of the Dungeon)
 23463 | Orc:1    | Learned a level 5 spell: Venom Bolt
 23612 | Orc:2    | Entered Level 2 of the Orcish Mines
 23625 | Orc:2    | Found a staircase to the Elven Halls.
 23675 | Orc:2    | Reached skill level 5 in Invocations
 24033 | Orc:2    | Gained mutation: You can use your snake-like lower body to constrict enemies. [Naga growth]
 24033 | Orc:2    | Reached XP level 13. HP: 64/127 MP: 11/25
 24524 | Orc:2    | Learned a level 6 spell: Iron Shot
 24790 | Orc:2    | Found a roughly hewn altar of Beogh.
 24791 | Orc:2    | Found Baptatej's Jewellery Shop.
 24889 | Orc:2    | Found a roughly hewn altar of Beogh.
 24948 | Orc:2    | Reached skill level 1 in Earth Magic
 24956 | Orc:2    | Found a roughly hewn altar of Beogh.
 25161 | Orc:2    | Noticed Saint Roka
 25175 | Orc:2    | Demolished by Saint Roka

Vault maps used:
D:1:      lemuel_arrival_broad_hall
D:2:      nicolae_overflow_hidden_temple, minmay_distorted
D:3:      gammafunk_temple_overflow_claw, first_bread
D:4:      uniq_menkaure
D:5:      gup_sewer_entry_pipe, minmay_mini_ossuary
D:6:      grunt_temple_overflow_cloverleaf
D:7:      nemelex_xobeh_ov_fountains_minmay, minmay_temple_entry_glassed_door
D:8:      lemuel_crystal_altar, lemuel_round_altar, serial_shops, shop
D:9:      grunt_temple_overflow_diamond, minmay_lair_entry_grove,
          hangedman_tree_tricks, uniq_prince_ribbit1, uniq_joseph
D:10:     lemuel_flame_loot_1
D:11:     zombieorc2_lemuel, serial_shops, shop, shop_fountains, shop,
          nicolae_shop_statue_plus, nicolae_shop_stone, uniq_maurice
Temple:   circular_temple_6
Lair:1:   serial_bayou_ford_a, serial_bayou_shore_a
Orc:1:    serial_shops, shop
Orc:2:    grunt_orc_community_town_hall, grunt_orc_community_big_house_1,
          grunt_orc_community_big_house_2, grunt_orc_community_house_1,
          grunt_orc_community_house_3, grunt_orc_community_house_1,
          grunt_orc_community_house_3, grunt_orc_community_house_1,
          grunt_orc_community_house_1
Sewer:    sewer_kobolds

Skill      XL: |  1  2  3  4  5  6  7  8  9 10 11 12 13 |
---------------+----------------------------------------+-----
Poison Magic   | 1 2 3 4 |  4.1
Dodging        | 2 3 4 6 8 9 |  9.5
Spellcasting   | 4 5 6 7 8 9 |  9.1
Conjurations   | 2 3 4 5 7 |  7.8
Fighting       | 1 2 4 7 8 9 10 | 10.7
Polearms       | 1 |  1.9
Translocations | 2 3 |  3.3
Fire Magic     | 1 |  1.5
Charms         | 1 |  1.1
Armour         | 2 4 5 |  5.3
Invocations    | 3 5 |  5.0
Hexes          | 2 |  2.5
Earth Magic    | 1 |  1.3
Short Blades   | |  0.4
Stealth        | |  3.0
Summonings     | |  1.0
Evocations     | |  0.4

Action                   |  1- 3 |  4- 6 |  7- 9 | 10-12 | 13-15 || total
-------------------------+-------+-------+-------+-------+-------++-------
Melee: Short sword       |    32 |     5 |       |       |       ||    37
       Trident           |       |    97 |   616 |   956 |    57 ||  1726
Throw: Tomahawk          |       |       |       |     8 |       ||     8
 Cast: Magic Dart        |    58 |   155 |    25 |    37 |       ||   275
       Blink             |       |     7 |     7 |    39 |       ||    53
       Conjure Flame     |       |     7 |     8 |    15 |       ||    30
       Mephitic Cloud    |       |       |    36 |   119 |     3 ||   158
       Repel Missiles    |       |       |     1 |     6 |       ||     7
       Fulminant Prism   |       |       |       |    66 |    16 ||    82
       Venom Bolt        |       |       |       |    11 |    15 ||    26
Invok: Slouch            |       |       |       |     1 |     2 ||     3
 Abil: Spit Poison       |    11 |    10 |     1 |       |       ||    22
Evoke: Wand              |       |       |       |     6 |       ||     6
       Fan of gales      |       |       |       |     1 |       ||     1
  Use: Potion            |     1 |     1 |     5 |     6 |     1 ||    14
       Scroll            |       |     4 |    11 |    14 |       ||    29
 Stab: Sleeping          |     1 |     4 |     7 |     4 |     1 ||    17
       Distracted        |       |     3 |     2 |     3 |     2 ||    10
       Confused          |       |       |    11 |    31 |       ||    42
  Eat: Chunk             |     1 |     8 |    17 |    20 |     2 ||    48
       Pizza             |       |     1 |       |       |       ||     1
       Meat ration       |       |       |       |     6 |       ||     6
       Beef jerky        |       |       |       |     2 |       ||     2
       Royal jelly       |       |       |       |     1 |       ||     1
       Fruit             |       |       |       |     1 |       ||     1
